 Dungeon Crawl Stone Soup version 0.20.1-1-g8b1a95d (webtiles) character file.

153 Treylok the Vandal (level 5, -3/35 HPs)
             Began as a Halfling Hunter on Oct 22, 2017.
             Slain by a killer bee (4 damage)
             ... on level 3 of the Dungeon.
             The game lasted 00:30:34 (2522 turns).

Treylok the Vandal (Halfling Hunter)                Turns: 2522, Time: 00:30:34

Health: -3/35      AC:  5    Str: 13    XL:     5   Next: 61%
Magic:  5/5        EV: 15    Int:  9    God:
Gold:   89         SH:  0    Dex: 19    Spells: 4/4 levels left

rFire    . . .     SeeInvis .   b - +0 short sword
rCold    . . .     Gourm    .   (shield restricted)
rNeg     . . .     Faith    .   c - +0 leather armour
rPois    .         Spirit   .   (no helmet)
rElec    .         Reflect  .   (no cloak)
rCorr    .         Harm     .   q - +0 pair of gloves
MR       .....                  e - +0 pair of boots
Stlth    ++........             (no amulet)
Regen    0.2/turn               p - +3 ring of dexterity
MPRegen  0.1/turn               (no ring)

@: lethally poisoned (-3 -> -4)
A: mutation resistance 1
a: no special abilities


You were on level 3 of the Dungeon.
You were not hungry.

You visited 1 branch of the dungeon, and saw 3 of its levels.

You collected 89 gold pieces.

Inventory:

Hand Weapons
 a - a +1 hunting sling
 b - a +0 short sword (weapon)
 g - a +0 dagger
Missiles
 d - 14 sling bullets
 i - 89 stones (quivered)
 o - 3 needles of sleeping
 r - 13 poisoned needles
Armour
 c - a +0 leather armour (worn)
 e - a +0 pair of boots (worn)
 q - a +0 pair of gloves (worn)
 s - a +0 scale mail
Jewellery
 p - a +3 ring of dexterity (left hand)
Scrolls
 h - 4 scrolls of identify {unknown}
 k - a scroll of noise {unknown}
 m - 2 scrolls of fear {unknown}
 n - 2 scrolls of teleportation {unknown}
Potions
 j - a potion of heal wounds {unknown}
Comestibles
 f - a bread ration


   Skills:
 + Level 2.3 Fighting
 + Level 0.8 Short Blades
 + Level 7.9 Slings
 + Level 1.6 Armour
 + Level 2.7 Dodging
 + Level 1.6 Stealth


You had 4 spell levels left.
You didn't know any spells.

Dungeon Overview and Level Annotations

Branches:
Dungeon (3/15)

Altars:


Innate Abilities, Weirdness & Mutations

You are small and have problems with some larger weapons.
You are somewhat resistant to further mutation.


Message History

You feel sick. The killer bee closely misses you. x2
You barely miss the killer bee.
The killer bee is heavily wounded.
The killer bee barely misses you. The killer bee misses you.
You feel sick. The killer bee misses you. The killer bee closely misses you.
The killer bee stings you but does no damage.
You feel sick. The killer bee completely misses you.
The killer bee barely misses you.
The killer bee stings you but does no damage.
The killer bee closely misses you.
You feel sick. The killer bee stings you.
* * * LOW HITPOINT WARNING * * *
The killer bee barely misses you. The killer bee closely misses you.
The killer bee closely misses you. The killer bee closely misses you.
* * * LOW HITPOINT WARNING * * *
You feel sick. The killer bee stings you.
You die...

# #.# ## #. # #
#.#####.###..(.
#.######.#
#.........(.#
#.#.....###
#######.#####
##........# #.#
.#.#.#####.#### #.#
..........<...# #.#
#.###.####.#.#.######.#
# #.......###.@yl...#
#######.#.#.########
...........##
######.##### #. #. #.
#. ##


You could see a killer bee and a leopard gecko.

Vanquished Creatures
  A killer bee (D:3)
  3 adders (D:2)
  An ooze (D:1)
  4 worms (D:2)
  2 dart slugs
  3 leopard geckos
  8 giant cockroaches
  6 hobgoblins
  3 jackals
  A ball python (D:2)
  6 bats
  3 frilled lizards
  5 goblins
  8 kobolds
  4 rats
58 creatures vanquished.

Notes
Turn   | Place    | Note
-------+----------+-------------------------------------------
     0 | D:1      | Treylok the Halfling Hunter began the quest for the Orb.
     0 | D:1      | Reached XP level 1. HP: 14/14 MP: 1/1
    70 | D:1      | Reached skill level 6 in Slings
   199 | D:1      | Reached XP level 2. HP: 19/19 MP: 2/2
   478 | D:1      | Reached XP level 3. HP: 19/24 MP: 3/3
   776 | D:1      | Reached skill level 7 in Slings
  1190 | D:2      | Reached skill level 1 in Armour
  1206 | D:2      | Reached XP level 4. HP: 22/29 MP: 4/4
  2261 | D:2      | Reached XP level 5. HP: 34/34 MP: 5/5
  2522 | D:3      | HP: 1/35 [poisoned by a killer bee]
  2522 | D:3      | Slain by a killer bee

Skill      XL: |  1  2  3  4 |
---------------+-------------+-----
Slings         | 6 7 |  7.9
Armour         | 1 |  1.6
Fighting       | 2 |  2.3
Short Blades   | |  0.8
Dodging        | |  2.7
Stealth        | |  1.6

Action                   |  1- 3 |  4- 6 || total
-------------------------+-------+-------++-------
Melee: Short sword       |    40 |    23 ||    63
 Fire: Hunting sling     |    52 |    75 ||   127
  Use: Potion            |       |     2 ||     2
  Eat: Meat ration       |       |     1 ||     1
       Chunk             |       |     1 ||     1
Armor: Leather armour    |    34 |    18 ||    52
Dodge: Dodged            |    81 |    59 ||   140
